 Dungeon Crawl Stone Soup version 0.23.1 (webtiles) character file.

Game seed: 4020801398727701149

143 Marnok the Shield-Bearer (level 5, -3/47 HPs)
             Began as a Minotaur Fighter on Mar 17, 2019.
             Slain by a hippogriff (5 damage)
             ... on level 3 of the Dungeon.
             The game lasted 00:06:09 (1828 turns).

Marnok the Shield-Bearer (Minotaur Fighter)         Turns: 1828, Time: 00:06:09

Health: -3/47      AC:  7    Str: 26    XL:     5   Next: 4%
Magic:  4/4        EV:  8    Int:  5    God:
Gold:   49         SH: 10    Dex: 10    Spells: 4/4 levels left

rFire    . . .     SeeInvis .   a - +0 long sword
rCold    . . .     Gourm    .   c - +0 shield
rNeg     . . .     Faith    .   b - +0 scale mail
rPois    .         Spirit   .   (helmet restricted)
rElec    .         Reflect  .   (no cloak)
rCorr    .         Harm     .   (no gloves)
MR       .....                  (no boots)
Stlth    ..........             (no amulet)
HPRegen  0.15/turn              (no ring)
MPRegen  0.09/turn              (no ring)

@: mighty
A: retaliatory headbutt, horns 2
a: no special abilities


You were on level 3 of the Dungeon.
You were very hungry.

You visited 1 branch of the dungeon, and saw 3 of its levels.

You collected 49 gold pieces.

Inventory:

Hand Weapons
 a - a +0 long sword (weapon)
Armour
 b - a +0 scale mail (worn)
 c - a +0 shield (worn)
 o - a +0 pair of gloves
 p - a +0 pair of gloves
Jewellery
 h - an uncursed ring of protection from fire {unknown}
Scrolls
 g - 4 scrolls of identify {unknown}
 i - 3 scrolls of enchant weapon {unknown}
 k - a scroll of fear {unknown}
 m - 2 scrolls of amnesia {unknown}
 n - a scroll of remove curse {unknown}
Potions
 e - 2 potions of flight
 j - 2 potions of curing
 l - a potion of haste {unknown}
Comestibles
 f - 2 rations


   Skills:
 + Level 4.5 Fighting
 + Level 4.1 Long Blades
 + Level 4.3 Armour
 + Level 0.3 Dodging
 + Level 0.3 Stealth
 + Level 4.6 Shields


You had 4 spell levels left.
You didn't know any spells.
Your spell library was empty.

Dungeon Overview and Level Annotations

Branches:
Dungeon (3/15)

Altars:
Zin
The Shining One


Innate Abilities, Weirdness & Mutations

You reflexively headbutt those who attack you in melee.
You have a pair of horns on your head.


Message History

You are feeling very hungry.
The adder bites you.
The hippogriff bites you but does no damage.
The hippogriff pecks you. You block the hippogriff's attack.
You closely miss the adder. You headbutt the adder!
The adder is heavily wounded.
The adder bites you but does no damage.
The hippogriff bites you but does no damage.
The hippogriff pecks you but does no damage.
You block the hippogriff's attack. The adder bites you but does no damage.
You block the gnoll's attack.
You closely miss the adder. You headbutt the adder.
The adder is severely wounded.
The adder bites you but does no damage. The hippogriff bites you!
The hippogriff pecks you. The hippogriff claws you.
* * * LOW HITPOINT WARNING * * *
The gnoll hits you from afar with a +0 halberd!
* * * LOW HITPOINT WARNING * * *
You block the adder's attack. The hippogriff bites you.
You die...

#.. # #.#
#..... #
#..#.# ##.#
#.........#
#.#.#.?.###
#..H.g....$
#.#@# #.#S#
#..g# #..##
#..# #..#
#..# # #..#
g# #..###.#


You could see a hippogriff, 2 gnolls and an adder.

Vanquished Creatures
  A scorpion (D:2)
  A gnoll (D:3)
  2 adders (D:2)
  An ooze (D:1)
  A worm (D:2)
  2 dart slugs (D:1)
  5 orcs (D:2)
  A ball python (D:3)
  4 giant cockroaches
  4 goblins
  5 hobgoblins
  2 jackals (D:2)
  4 kobolds
  A quokka (D:2)
  6 bats
  5 frilled lizards
  4 rats
49 creatures vanquished.

Notes
Turn   | Place    | Note
-------+----------+-------------------------------------------
     0 | D:1      | Marnok the Minotaur Fighter began the quest for the Orb.
     0 | D:1      | Reached XP level 1. HP: 19/19 MP: 0/0
    61 | D:1      | Reached XP level 2. HP: 22/27 MP: 1/1
   922 | D:2      | Reached XP level 3. HP: 28/33 MP: 2/2
   938 | D:2      | Noticed a scorpion
   953 | D:2      | Killed a scorpion
   953 | D:2      | Reached XP level 4. HP: 5/41 MP: 3/3
  1806 | D:3      | Found a glowing golden altar of the Shining One.
  1807 | D:3      | Found a glowing silver altar of Zin.
  1817 | D:3      | Noticed a hippogriff
  1823 | D:3      | Reached XP level 5. HP: 47/47 MP: 4/4
  1828 | D:3      | HP: 2/47 [gnoll/+0 halberd (9)]
  1828 | D:3      | Slain by a hippogriff

Skill      XL: |  1  2  3  4 |
---------------+-------------+-----
Armour         | 4 |  4.3
Fighting       | 4 |  4.5
Shields        | 4 |  4.6
Long Blades    | 3 4 |  4.1
Dodging        | |  0.3
Stealth        | |  0.3

Action                   |  1- 3 |  4- 6 || total
-------------------------+-------+-------++-------
Melee: Long sword        |    49 |    60 ||   109
       Headbutt          |    11 |    10 ||    21
  Use: Potion            |     1 |     2 ||     3
  Eat: Chunk             |       |     2 ||     2
Armor: Scale mail        |    27 |    41 ||    68
Dodge: Dodged            |    16 |    28 ||    44
Block: Shield            |    32 |    44 ||    76
       Rpst.: Long sword |     4 |     3 ||     7
